 Dungeon Crawl Stone Soup version 0.29.0-7-g18a832c13a (webtiles) character file.

Game seed: 9410877711010418759

38 SensoryNuts the Trooper (level 3, -2/29 HPs)
             Began as a Demonspawn Fighter on Aug 31, 2022.
             Was an Initiate of Gozag.
             Slain by an orc
             ... wielding a +0 dagger
              (3 damage)
             ... on level 2 of the Dungeon.
             The game lasted 00:00:46 (1522 turns).

SensoryNuts the Trooper (Demonspawn Fighter)        Turns: 1522, Time: 00:00:47

Health: -2/29      AC:  6    Str: 16    XL:     3   Next: 25%
Magic:  3/3        EV:  8    Int:  9    God:    Gozag
Gold:   36         SH:  4    Dex: 14    Spells: 2/2 levels left

rFire   . . .      SeeInvis .   a - +0 long sword
rCold   . . .      Faith    .   c - +0 buckler
rNeg    . . .      Spirit   .   b - +0 scale mail
rPois   .          Reflect  .   (no helmet)
rElec   .          Harm     .   (no cloak)
rCorr   .          Rampage  .   (no gloves)
Will    .....                   (no boots)
Stlth   ..........              (no amulet)
HPRegen 0.09/turn               (no ring)
MPRegen 0.08/turn               (no ring)

@: no status effects
A: demonic guardian 1
a: Renounce Religion, Potion Petition, Call Merchant, Bribe Branch


You were on level 2 of the Dungeon.
You worshipped Gozag.
Gozag was noncommittal.
You visited 1 branch of the dungeon, and saw 2 of its levels.

You collected 36 gold pieces.

Inventory:

Hand Weapons
 a - a +0 long sword (weapon)
Armour
 b - a +0 scale mail (worn)
 c - a +0 buckler (worn)
Scrolls
 e - a scroll of immolation {unknown}
 h - a scroll of torment {unknown}
 j - a scroll of blinking {unknown}
 k - a scroll of teleportation {unknown}
 l - 2 scrolls of identify {unknown}
Potions
 d - a potion of might
 f - 2 potions of curing {unknown}
 g - a potion of degeneration {unknown}
 i - a potion of flight {unknown}


   Skills:
 + Level 3.3 Fighting
 * Level 2.6 Long Blades
 + Level 2.9 Armour
 + Level 0.2 Dodging
 + Level 0.2 Stealth
 + Level 2.7 Shields


You had 2 spell levels left.
You didn't know any spells.
Your spell library contained the following spells:

 Spells                   Type           Power      Damage    Failure   Level
 Apportation              Tloc           0%         N/A       88%         1
 Alistair's Intoxication  Tmut/Pois      0%         N/A       100%        5


Dungeon Overview and Level Annotations

Branches:
Dungeon (2/15)

Altars:
Gozag


Innate Abilities, Weirdness & Mutations

A weak demonic guardian rushes to your aid.


Message History

No target in view!
A goblin comes into view. It is wielding a +0 dagger.
A goblin is nearby!
A goblin is nearby!
A goblin is nearby!
A goblin is nearby!
Found a stone staircase leading down.
The goblin unwields a +0 dagger.
The goblin wields a +0 sling.
The goblin shoots a sling bullet.
The sling bullet hits you.
You hear a shout! x2
You see here 6 gold pieces.
The goblin shoots a sling bullet.
The sling bullet hits you but does no damage.
An orc priest comes into view. It is wielding a +0 hand axe.
Found a scroll labelled USUFEL VIWEO and a scroll labelled CAG ESOERRAMUMP.
The goblin shoots a sling bullet.
The sling bullet hits you but does no damage.
The goblin shoots a sling bullet.
You block the sling bullet.
An orc comes into view. It is wielding a +0 dagger.
The goblin unwields a +0 sling.
The goblin wields a +0 dagger.
The goblin barely misses you.
An orc comes into view. It is wielding a +0 flail.
You barely miss the goblin. The goblin hits you but does no damage.
You barely miss the orc. The goblin hits you with a +0 dagger.
The orc hits you but does no damage. You block the goblin's attack.
You hit the orc priest.
The orc priest is moderately wounded.
The orc priest barely misses you. The orc hits you but does no damage.
The goblin hits you with a +0 dagger.
You slash the orc priest!
The orc priest is severely wounded.
The orc priest invokes the aid of Beogh against you.
Beogh smites you!
* * * LOW HITPOINT WARNING * * *
A demonic guardian appears!
The orc hits you but does no damage. x2
The goblin hits you with a +0 dagger.
* * * LOW HITPOINT WARNING * * *
The orc hits you but does no damage. The orc hits you with a +0 dagger.
You die...
Your body crumbles into a pile of gold.

...... ......# ##.
......... .?..
.......... ##....
..........##....#
..>..........#..#
.........oog....# #
.........@o..#
#........>....##
...###.....##5###
.................
###............?
##.$#..........
######.$..#........
#..<...#....###....
#.##..####...# ...


You could see an orc priest (ally target), 2 orcs, a goblin and a friendly
ufetubus (summoned).

Vanquished Creatures
  2 bats (D:1)
  3 endoplasms (D:1)
  2 giant cockroaches (D:1)
  2 hobgoblins (D:1)
  3 quokkas
  3 ball pythons (D:1)
  4 goblins (D:1)
  3 kobolds (D:1)
  5 rats (D:1)
27 creatures vanquished.

Vanquished Creatures (collateral kills)
  An adder (D:2)
1 creature vanquished.

Grand Total: 28 creatures vanquished

Notes
Turn   | Place    | Note
-------+----------+-------------------------------------------
     0 | D:1      | SensoryNuts the Demonspawn Fighter began the quest for the
                  | Orb.
     0 | D:1      | Reached XP level 1. HP: 18/18 MP: 1/1
   428 | D:1      | Gained mutation: A weak demonic guardian rushes to your
                  | aid. [demonic ancestry]
   428 | D:1      | Reached XP level 2. HP: 19/24 MP: 2/2
   614 | D:1      | Found a faded altar of an unknown god.
  1171 | D:1      | Prayed at the altar of an unknown god.
  1171 | D:1      | Became a worshipper of Gozag Ym Sagoz the Greedy
  1417 | D:2      | Reached XP level 3. HP: 16/29 MP: 3/3
  1522 | D:2      | HP: 1/29 [goblin/+0 dagger (3)]
  1522 | D:2      | Slain by an orc

Illustrated notes

Levels and vault maps discovered:
D:1:      eino_arrival_water_cross, layout_basic,
          hellmonk_ecumenical_altar_crossroads, nicolae_kite_square_tiling_tiny,
          minmay_tetromino_t4
D:2:      layout_rooms

Skill      XL: |  1 |
---------------+----+-----
Long Blades    | 2 |  2.6
Fighting       | |  3.3
Armour         | |  2.9
Dodging        | |  0.2
Stealth        | |  0.2
Shields        | |  2.7

Action                   || total
-------------------------++-------
Melee: Long sword        ||    87
Armor: Scale mail        ||    69
Dodge: Dodged            ||    31
Block: Buckler           ||    28
